Map: Interloper LE

Players

Yata - Winner!

  • Race: Zerg Zerg
  • League: Platinum
  • Spawn Location: 5:00

VERITAS

  • Race: Terran Terran
  • Spawn Location: 11:00

VOD

Have the link to the VOD?

Description

Time

  • Played on: Sept. 30, 2017, 8:57 p.m.
  • Length: 9:05
Show
View Real Time Build Order
Export as new Build Order

Yata Zerg - Winner!

Build Orders: Hatch First 

Get SALT Encoding   

  12  0:01  Drone  
  13  0:13  Overlord  
  13  0:17  Drone  
  14  0:31  Drone x2  
  14  0:35  Drone  
  17  0:55  Drone  
  17  0:56  Hatchery  
  17  1:02  Drone  
  18  1:09  Extractor  
  17  1:17  Drone, Spawning Pool  
  17  1:20  Drone  
  18  1:29  Drone  
  19  1:55  Overlord  
  19  1:59  Drone  
  20  2:05  Queen  
  20  2:07  Queen  
  24  2:09  Zergling x4  
  26  2:24  Drone x3  
  26  2:26  Metabolic Boost  
  29  2:36  Zergling x4  
  31  2:45  Drone x2  
  33  2:59  Baneling Nest  
  33  3:00  Drone x2  
  33  3:01  Evolution Chamber  
  33  3:11  Drone x2  
  35  3:14  Overlord x2  
  35  3:34  Zerg Melee Weapons Level 1  
  35  3:36  Drone x5  
  35  3:37  Drone x2  
  42  3:48  Zergling x4  
  44  4:07  Queen  
  46  4:10  Zergling x12  
  46  4:15  Hatchery  
  46  4:16  Baneling x2  
  46  4:17  Baneling x3  
  51  4:18  Zergling x2  
  51  4:20  Overlord  
  51  4:21  Overlord x2  
  51  4:51  Lair  
  51  4:53  Extractor, Drone  
  51  4:54  Drone x2  
  51  4:57  Extractor, Drone x3  
  51  4:58  Drone  
  51  4:59  Drone  
  57  5:03  Drone x6  
  57  5:21  Baneling x2  
  57  5:22  Baneling x2  
  57  5:24  Queen  
  61  5:28  Drone x8  
  61  5:30  Overlord  
  61  5:31  Overlord x2  
  61  5:35  Zerg Missile Weapons Level 1  
  67  5:37  Zergling x2  
  67  5:44  Zergling x4  
  65  5:53  Zergling x6  
  67  6:04  Hydralisk Den  
  67  6:07  Zergling x2  
  67  6:08  Zergling x16  
  67  6:10  Evolution Chamber  
  74  6:21  Queen  
  74  6:22  Queen  
  74  6:24  Pneumatized Carapace  
  78  6:30  Zergling x2  
  80  6:32  Drone  
  80  6:33  Drone  
  80  6:38  Baneling  
  80  6:39  Baneling x6  
  81  6:40  Baneling x3  
  81  6:41  Zergling x22  
  92  6:49  Overlord x3  
  92  6:50  Hatchery  
  87  7:03  Zergling x20  
  93  7:08  Hydralisk x2  
  91  7:21  Muscular Augments  
  82  7:34  Hydralisk  
  82  7:35  Hydralisk x2  
  88  7:38  Zergling x10  
  88  7:40  Baneling  
  88  7:41  Baneling x2  
  92  7:50  Zergling x12  
  98  8:06  Drone x8  
  98  8:07  Hydralisk  
  108  8:31  Hydralisk  
  110  8:35  Zergling x22  
  110  8:40  Drone  
  110  8:41  Extractor, Drone  
  122  8:42  Drone  
  122  8:45  Extractor, Drone x3  
  122  8:46  Drone x3  
Show
View Real Time Build Order
Export as new Build Order

VERITAS Terran 

Build Orders:  

Get SALT Encoding   

  12  0:01  SCV  
  13  0:13  SCV  
  14  0:23  Supply Depot  
  14  0:25  SCV  
  15  0:47  Barracks  
  15  0:51  SCV  
  15  0:55  Refinery  
  16  1:03  SCV  
  17  1:15  SCV  
  18  1:27  SCV  
  19  1:36  Marine  
  19  1:39  Supply Depot, SCV  
  21  1:51  SCV  
  22  1:57  Barracks  
  22  2:03  SCV  
  22  2:05  Refinery  
  22  2:07  Barracks Reactor  
  23  2:14  Engineering Bay  
  23  2:19  Orbital Command  
  23  2:44  Marine x2  
  24  2:58  Barracks, SCV  
  25  3:03  Command Center  
  25  3:10  Supply Depot, Terran Infantry Weapons Level 1, Marine  
  25  3:11  Marine  
  27  3:15  SCV  
  28  3:27  SCV  
  29  3:28  Marine  
  29  3:29  Marine  
  31  3:51  SCV  
  31  3:54  Marine x2  
  31  3:55  Barracks Tech Lab  
  33  4:03  SCV  
  34  4:29  Command Center  
  34  4:30  Marauder  
  34  4:31  Stimpack  
  36  4:32  Marine  
  36  4:34  Marine  
  38  4:41  Factory  
  38  4:50  Marine  
  39  5:04  Terran Infantry Armor Level 1  
  39  5:26  Factory Tech Lab  
  39  5:33  Starport  
  39  5:40  Marine x2  
  39  5:41  Marauder  
  39  5:58  Marine  
  39  6:02  Marauder  
  42  6:04  Bunker  
  42  6:07  Marine  
  43  6:11  Siege Tank  
  46  6:21  Supply Depot  
  46  6:22  Supply Depot x2  
  46  6:34  Orbital Command  
  46  6:43  Medivac, SCV, Marauder  
  46  6:45  Supply Depot  
  51  6:56  SCV  
  52  7:08  SCV  
  32  7:44  SCV  
  33  7:46  SCV  
  34  7:56  SCV  
  35  7:59  Barracks  
  35  8:00  Starport Reactor  
  35  8:07  SCV  
  35  8:08  SCV  
  37  8:14  Marine  
  37  8:18  Siege Tank  
  41  8:32  Marine  
  42  8:35  Armory  
  42  8:42  Bunker  
Tags
 
League
Platinum
Matchup
TvZ
Replay Pack
Pack 1
Spawn Locations
Cross Positions
Add a new tag
Caveats
  • Supply blocks, unpowered buildings, or Contaminate may cause inaccurate times.
  • Supply counts are checked every 10 seconds.